 Dungeon Crawl Stone Soup version 0.24.1-14-gf8d2b509d9 (webtiles) character file.

Game seed: 16446416319376656478, levelgen mode: deterministic

458 Kniotic the Insei (level 6, -6/46 HPs)
             Began as a Demigod Transmuter on May 26, 2020.
             Mangled by a worker ant (7 damage)
             ... on level 5 of the Dungeon.
             The game lasted 00:08:30 (4653 turns).

Kniotic the Insei (Demigod Transmuter)              Turns: 4653, Time: 00:08:30

Health: -6/46      AC:  4    Str: 13    XL:     6   Next: 48%
Magic:  11/11      EV: 12    Int: 21    God:
Gold:   266        SH:  0    Dex: 16    Spells: 7/8 levels left

rFire    . . .     SeeInvis .     - Unarmed
rCold    . . .     Gourm    .   (no shield)
rNeg     . . .     Faith    .   b - +1 robe
rPois    .         Spirit   .   (no helmet)
rElec    .         Reflect  .   (no cloak)
rCorr    .         Harm     .   (no gloves)
MR       .....                  q - +0 pair of boots
Stlth    +.........             (no amulet)
HPRegen  0.15/turn              c - ring of flight
MPRegen  0.12/turn              (no ring)

@: lethally poisoned (-6 -> -29), appendage, lightly drained
A: horns 2, high mp 1
a: End Transformation, Evoke Flight


You were on level 5 of the Dungeon.
You were not hungry.
You had grown temporary horns.
You visited 1 branch of the dungeon, and saw 7 of its levels.

You collected 294 gold pieces.
You spent 28 gold pieces at shops.

Inventory:

Missiles
 a - 120 arrows
Armour
 b - a +1 robe (worn)
 q - a +0 pair of boots (worn)
Jewellery
 c - a ring of flight (left hand)
 o - an uncursed ring of magical power {unknown}
 p - a cursed amulet of inaccuracy {unknown}
Wands
 l - a wand of enslavement (7)
 r - a wand of disintegration (15)
 s - a wand of flame (11)
Scrolls
 g - 4 scrolls of identify
 h - a scroll of magic mapping
 i - a scroll of remove curse {unknown}
 j - a scroll of fear {unknown}
 k - a scroll of immolation {unknown}
 t - a scroll of amnesia
Potions
 e - 5 potions of curing {unknown}
 f - a potion of degeneration {unknown}
 m - a potion of flight {unknown}
 n - a potion of brilliance {unknown}
Comestibles
 d - 12 rations


   Skills:
 - Level 0.8(0.5) Fighting
 - Level 1.7(1.4) Dodging
 * Level 6.2(5.9) Unarmed Combat
 - Level 1.7(1.4) Spellcasting
 + Level 3.7(3.4) Transmutations


You had 7 spell levels left.
You knew the following spells:

 Your Spells              Type           Power        Failure   Level  Hunger
a - Beastly Appendage     Tmut           ###...       3%          1    #......

Your spell library contained the following spells:

 Spells                   Type           Power        Failure   Level  Hunger
 Sticks to Snakes         Tmut           ###.....     6%          2    ###....
 Spider Form              Tmut/Pois      #.........   24%         3    ###....
 Ice Form                 Ice/Tmut       #.......     61%         4    #####..
 Blade Hands              Tmut           ###.......   71%         5    ######.


Dungeon Overview and Level Annotations

Branches:
Dungeon (7/15)
 Temple: D:4-7

Shops:
D:6 %   D:7 ?


Innate Abilities, Weirdness & Mutations

You have an increased reservoir of magic. (+10% MP)
You have a pair of horns on your head.


Message History

The worker ant is severely wounded.
You feel sick. The worker ant misses you. The worker ant bites you.
You hit the worker ant but do no damage.
The worker ant is severely wounded.
You feel sick. The worker ant misses you. The worker ant bites you.
You barely miss the worker ant. Your headbutt misses the worker ant.
The worker ant is severely wounded.
* * * LOW HITPOINT WARNING * * *
You feel sick. The worker ant bites you!
* * * LOW HITPOINT WARNING * * *
The worker ant barely misses you.
You completely miss the worker ant.
The worker ant is severely wounded.
* * * LOW HITPOINT WARNING * * *
You feel sick. The worker ant bites you.
* * * LOW HITPOINT WARNING * * *
You are more poisoned.
The worker ant poisons you! The worker ant barely misses you.
The worker ant bites you!
You die...

##.####.
......
####...#.
#...(...#
#.......#
#.......###
#.....aa..#
#.....@...#
#...........<.
#.......#..?..
######.## ##..
#.. . ###


You could see 2 worker ants.

Vanquished Creatures
  A centaur (D:6)
  A wyvern skeleton (D:6)
  2 crimson imps (D:6)
  Terence (D:2)
  A worker ant (D:4)
  A hound skeleton (D:6)
  9 adders
  2 oozes
  2 worms
  A dart slug (D:1)
  2 leopard geckos
  5 orcs (D:3)
  A ball python (D:3)
  12 bats
  5 giant cockroaches
  11 goblins
  12 hobgoblins
  3 jackals (D:1)
  4 quokkas
  6 frilled lizards
  10 kobolds
  5 rats
97 creatures vanquished.

Vanquished Creatures (others)
  A jelly (D:5)
1 creature vanquished.

Grand Total: 98 creatures vanquished

Notes
Turn   | Place    | Note
-------+----------+-------------------------------------------
     0 | D:1      | Kniotic the Demigod Transmuter began the quest for the Orb.
     0 | D:1      | Reached XP level 1. HP: 15/15 MP: 5/5
   117 | D:1      | Reached skill level 3 in Unarmed Combat
   323 | D:1      | Reached XP level 2. HP: 22/22 MP: 7/7
  1613 | D:2      | Reached XP level 3. HP: 15/27 MP: 6/8
  1778 | D:2      | Reached skill level 4 in Unarmed Combat
  1849 | D:2      | Noticed Terence
  1870 | D:2      | Killed Terence
  2174 | D:2      | Found a hide-covered altar of Uskayaw.
  2174 | D:2      | Noticed a +0 hand axe
  2174 | D:2      | Noticed a +0 dagger
  2182 | D:2      | Reached XP level 4. HP: 24/34 MP: 7/9
  2205 | D:2      | Found an iron altar of Okawaru.
  2784 | D:2      | Found an ornate altar of the Wu Jian Council.
  3255 | D:3      | Reached skill level 5 in Unarmed Combat
  3348 | D:3      | Reached XP level 5. HP: 32/39 MP: 10/10
  3661 | D:3      | Found a bloodstained altar of Trog.
  4098 | D:4      | Found an ancient bone altar of Kikubaaqudgha.
  4157 | D:4      | You fall into a shaft and drop 3 floors!
  4157 | D:7      | Found Atiepuh's Magic Scroll Emporium.
  4162 | D:7      | Bought a scroll of identify for 28 gold pieces
  4178 | D:6      | Noticed a centaur
  4185 | D:6      | Killed a centaur
  4185 | D:6      | Reached XP level 6. HP: 25/46 MP: 9/11
  4215 | D:6      | Found Enolax's Food Shop.
  4290 | D:6      | Reached skill level 6 in Unarmed Combat
  4363 | D:6      | Found Tarphul's Weapon Shop.
  4415 | D:5      | Entered Level 5 of the Dungeon
  4653 | D:5      | HP: 1/46 [worker ant (4)]
  4653 | D:5      | Mangled by a worker ant

Levels and vault maps discovered:
D:1:      lightli_arrival_farm, layout_basic
D:2:      layout_loops_ring, okawaru_ov_weapons_minmay, lemuel_round_altar,
          dancing_weapons_uskayaw, chequers_arboretum, uniq_terence
D:3:      minmay_angry_zag, layout_basic, old_standard_altar
D:4:      layout_cave_pods, led_sif_book, kiku_gazebo_pond_becter, first_ration
D:5:      layout_basic, old_standard_altar, old_standard_altar,
          minmay_temple_entry_fiery, uniq_ijyb
D:6:      layout_loops_ring, serial_shops, shop, nicolae_shop_statue_plus,
          nicolae_shop_trees, gup_sewer_entry_bubbles
D:7:      cheibrodos_fzero, layout_basic, fedhas_altar_4, basic_altar,
          serial_shops, kennysheep_mini_moat, nicolae_shop_trees, shop,
          minmay_fractal_squares_5

Skill      XL: |  1  2  3  4  5  6 |
---------------+-------------------+-----
Unarmed Combat | 3 4 5 6 |  6.2
Transmutations | 2 3 |  3.7
Fighting       | |  0.8
Dodging        | |  1.7
Spellcasting   | |  1.7

Action                   |  1- 3 |  4- 6 || total
-------------------------+-------+-------++-------
Melee: Unarmed           |   133 |   261 ||   394
       Kick              |     3 |     5 ||     8
       Punch             |     3 |     4 ||     7
       Headbutt          |     2 |     7 ||     9
 Cast: Beastly Appendage |     4 |     9 ||    13
Evoke: Wand              |       |     1 ||     1
  Use: Scroll            |       |     5 ||     5
 Stab: Sleeping          |     4 |     2 ||     6
  Eat: Chunk             |     4 |     8 ||    12
Armor: Robe              |    21 |    45 ||    66
Dodge: Dodged            |    87 |   181 ||   268
